 Dungeon Crawl Stone Soup version 0.28-a0-1143-gcf6077d4cc (webtiles) character file.

Game seed: 15727142343620288400

506 porpoise the Insei (level 7, -1/82 HPs)
             Began as a Merfolk Transmuter on Dec 14, 2021.
             Slain by a sky beast (3 damage)
             ... on level 5 of the Dungeon.
             The game lasted 00:24:50 (6960 turns).

porpoise the Insei (Merfolk Transmuter)             Turns: 6960, Time: 00:24:50

Health: -1/82      AC:  2    Str: 10    XL:     7   Next: 18%
Magic:  11/11      EV: 12    Int: 15    God:
Gold:   633        SH:  0    Dex: 14    Spells: 0/12 levels left

rFire   . . .      SeeInvis .     - Unarmed
rCold   + + .      Faith    .   (no shield)
rNeg    . . .      Spirit   .   q - +0 robe
rPois   .          Reflect  .   (helmet currently unavailable)
rElec   .          Harm     .   (no cloak)
rCorr   .          Rampage  .   (no gloves)
Will    .....                   (boots currently unavailable)
Stlth   ..........              d - amulet of the acrobat
HPRegen 0.23/turn               l - ring of protection from cold
MPRegen 0.12/turn               z - ring of protection from cold

@: berserking, appendages, very quick
A: horns 2, (nimble swimmer 2), mertail
a: End Transformation


You were on level 5 of the Dungeon.
You had temporarily grown beastly horns.
You visited 1 branch of the dungeon, and saw 5 of its levels.

You collected 1166 gold pieces.
You spent 533 gold pieces at shops.

Inventory:

Hand Weapons
 b - a +1 hunting sling
 w - a +3 rapier of draining
Missiles
 c - 37 bolts
 e - 134 stones
 f - 9 sling bullets
 p - 16 poisoned darts
 t - 3 boomerangs
Armour
 a - a +1 ring mail of cold resistance
 m - a +0 helmet (melded)
 q - a +0 robe (worn)
 u - a +0 pair of boots (melded)
Jewellery
 d - an amulet of the acrobat (around neck)
 l - a ring of protection from cold (left hand)
 z - a ring of protection from cold (right hand)
Wands
 s - a wand of iceblast (17)
Scrolls
 g - 2 scrolls of holy word
 h - 2 scrolls of blinking
 i - 2 scrolls of teleportation
 y - a scroll of torment {unknown}
Potions
 j - 4 potions of curing
 k - 2 potions of resistance
 n - a potion of mutation
 x - a potion of invisibility {unknown}
 A - a potion of attraction {unknown}


   Skills:
 * Level 4.6 Fighting
 - Level 2.7 Dodging
 * Level 5.7 Unarmed Combat
 + Level 3.2 Spellcasting
 + Level 4.7 Transmutations


You couldn't memorise any spells.
You knew the following spells:

 Your Spells              Type           Power      Damage    Failure   Level
a - Beastly Appendage     Tmut           32%        N/A       2%          1
b - Wereblood             Tmut           16%        N/A       4%          2
c - Ice Form              Ice/Tmut       9%         N/A       58%         4
f - Fireball              Conj/Fire      1%         3d3       99%         5

Your spell library contained the following spells:

 Spells                   Type           Power      Damage    Failure   Level
 Animate Skeleton         Necr           4%         N/A       21%         1
 Pain                     Necr           8%         1d4       21%         1
 Shock                    Conj/Air       8%         1d3       21%         1
 Spider Form              Tmut/Pois      9%         N/A       22%         3
 Ensorcelled Hibernation  Hex/Ice        4%         N/A       30%         2
 Scorch                   Fire           4%         2d5       30%         2
 Inner Flame              Hex/Fire       2%         N/A       52%         3
 Summon Guardian Golem    Hex/Summ       2%         N/A       52%         3
 Swiftness                Air            2%         N/A       52%         3
 Vampiric Draining        Necr           2%         2d6       52%         3
 Airstrike                Air            1%         N/A       89%         4
 Starburst                Conj/Fire      1%         6d3       100%        6
 Orb of Destruction       Conj           1%         N/A       100%        7
 Spellforged Servitor     Conj/Summ      1%         N/A       100%        7


Dungeon Overview and Level Annotations

Branches:
Dungeon (5/15)
 Temple: D:4-7

Altars:
Nemelex Xobeh
Vehumet

Shops:
D:2 *   D:4 *

Annotations:
D:3 exclusion: statue


Innate Abilities, Weirdness & Mutations

You have temporarily grown beastly horns.
((You are quick and stealthy near water. (Stealth+, EV+, Speed+++)))
Your lower body shifts to a powerful aquatic tail in water.


Message History

You hear the hiss of flowing sand.
There is an entrance to an ossuary on this level.
Hurry and find it before the portal is buried!
The sky beast flickers out of sight!
Deactivating autopickup; reactivate with Ctrl-A.
Found a scroll labelled DAXUCK OMIUFRUS and a leather armour.
There is a stone staircase leading up here.
Casting: Beastly Appendage (safe; 2% risk of failure)
Confirm with . or Enter, or press ? or * to list all spells.
You grow a pair of large bovine horns.
Your +0 helmet melds into your body.
Your +0 pair of boots melds into your body.
You miss something. You headbutt something. Something hits you.
Something shocks you.
You hit something. Something hits you. Something shocks you.
You hit something. The hound skeleton bites you.
Something hits you but does no damage.
You miss something.
The hound skeleton bites you. x2; Something hits you.
Something shocks you.
You hit something but do no damage. The hound skeleton bites you.
Something hits you.
* * * LOW HITPOINT WARNING * * *
Something shocks you.
* * * LOW HITPOINT WARNING * * *
You punch something! The hound skeleton misses you.
You feel better.
You hear the slow hiss of a very distant avalanche of sand.
Something hits you.
* * * LOW HITPOINT WARNING * * *
Something shocks you.
* * * LOW HITPOINT WARNING * * *
The hound skeleton bites you.
* * * LOW HITPOINT WARNING * * *
A red film seems to cover your vision as you go berserk!
You feel yourself moving faster!
You feel mighty! The hound skeleton closely misses you. Something hits you.
* * * LOW HITPOINT WARNING * * *
Something shocks you.
* * * LOW HITPOINT WARNING * * *
The hound skeleton barely misses you.
You miss something. Something hits you.
You die...

# #. ##
.### ..
..#
##.#.##.#
#..{@...#
#.[.Z...#
#.......#
#.......#
#.......#
#.......#
#.......#
###....##


You could see a hound skeleton.

Vanquished Creatures
  A phantom (D:4)
  A bullfrog (D:4)
  A hound (D:4)
  An iguana (D:3)
  Ijyb (D:4)
  2 orc wizards (D:4)
  A hound zombie (D:3)
  5 gnolls
  7 adders
  2 worms
  6 orcs
  5 bats
  7 endoplasms
  5 giant cockroaches
  6 goblins
  4 hobgoblins
  6 jackals (D:2)
  4 quokkas
  11 ball pythons
  3 frilled lizards
  15 kobolds
  A quokka skeleton (D:3)
  7 rats
102 creatures vanquished.

Vanquished Creatures (others)
  6 fungi (D:2)
  4 plants (D:2)
10 creatures vanquished.

Grand Total: 112 creatures vanquished

Notes
Turn   | Place    | Note
-------+----------+-------------------------------------------
     0 | D:1      | porpoise the Merfolk Transmuter began the quest for the
                  | Orb.
     0 | D:1      | Reached XP level 1. HP: 15/15 MP: 3/3
   443 | D:1      | Reached XP level 2. HP: 19/21 MP: 5/5
   894 | D:1      | Learned a level 2 spell: Wereblood
  1196 | D:1      | Reached XP level 3. HP: 18/27 MP: 4/6
  1921 | D:2      | Reached skill level 4 in Unarmed Combat
  1921 | D:2      | Reached XP level 4. HP: 18/34 MP: 5/7
  2525 | D:2      | Learned a level 4 spell: Ice Form
  2724 | D:2      | Found a faded altar of an unknown god.
  2819 | D:2      | Found Nygiom's Assorted Antiques.
  2826 | D:2      | Bought a fizzy grey potion for 25 gold pieces
  2826 | D:2      | Bought a scroll labelled ALOQYCOBLYST for 28 gold pieces
  2907 | D:2      | Reached XP level 5. HP: 41/41 MP: 8/8
  3203 | D:3      | HP: 1/41 [gnoll (9)]
  4552 | D:3      | Found a radiant altar of Vehumet.
  4552 | D:3      | Noticed a charred statue
  4921 | D:4      | Noticed Ijyb
  4962 | D:4      | Killed Ijyb
  4963 | D:4      | Reached skill level 5 in Unarmed Combat
  4963 | D:4      | Reached XP level 6. HP: 19/48 MP: 10/10
  5692 | D:4      | Found a sparkling altar of Nemelex Xobeh.
  5806 | D:4      | Reached XP level 7. HP: 15/55 MP: 11/11
  6358 | D:4      | Found Sucu's Fire Supplies.
  6908 | D:5      | Entered Level 5 of the Dungeon
  6910 | D:5      | Identified a scroll of acquirement
  6910 | D:5      | Acquired 1043 gold pieces
  6933 | D:4      | Bought Pogyc's Guide on Heat for 480 gold pieces
  6939 | D:4      | Learned a level 5 spell: Fireball
  6959 | D:5      | HP: 2/82 [something (6)]
  6960 | D:5      | Slain by a sky beast

Illustrated notes

Levels and vault maps discovered:
D:1:      lemuel_arrival_room, layout_basic, minmay_distorted
D:2:      layout_loops_ring, serial_shops, nicolae_shop_crystal,
          dreamdust_ecumenical_altar_grove
D:3:      layout_basic, vehumet_statue, serial_bayou_lake_a
D:4:      layout_loops_corners, mainiacjoe_overflow_surrounded_room,
          st_stairs_12, minmay_misc_feat_columns, nicolae_shop_fire_sale
          [nicolae_sub_dead_trees], minmay_fractal_squares_diagonal_5, uniq_ijyb
D:5:      layout_loops_cross, nicolae_ossuary_entry_false_entrances

Skill      XL: |  1  2  3  4  5  6 |
---------------+-------------------+-----
Transmutations | 3 4 |  4.7
Fighting       | 2 3 4 |  4.6
Unarmed Combat | 4 5 |  5.7
Spellcasting   | 3 |  3.2
Dodging        | |  2.7

Action                   |  1- 3 |  4- 6 |  7- 9 || total
-------------------------+-------+-------+-------++-------
Melee: Unarmed           |   109 |   157 |    47 ||   313
       Headbutt          |    16 |    22 |     8 ||    46
       Punch             |       |     3 |       ||     3
 Fire: Hunting sling     |    11 |    45 |       ||    56
 Cast: Beastly Appendage |    24 |    25 |     6 ||    55
       Wereblood         |       |       |     1 ||     1
  Use: Scroll            |       |     6 |     3 ||     9
       Potion            |       |     1 |     2 ||     3
 Stab: Sleeping          |     1 |     1 |       ||     2
Armor: Robe              |    23 |    16 |     3 ||    42
       Ring mail         |       |     4 |       ||     4
Dodge: Dodged            |    85 |    70 |    24 ||   179

Table legend: (Time is in decaauts)
 A = Elapsed time spent in this place.
 B = Non-inter-level travel time spent in this place.
 C = Inter-level travel time spent in this place.
 D = Time resting spent in this place.
 E = Time spent auto-exploring this place.
 F = Levels seen in this place.
 G = Mean time per level.
                   A        B        C        D        E       F      G
               +--------+--------+--------+--------+--------+-----+--------+
         Total |   6897 |   6601 |    296 |   2723 |   2872 |   5 | 1379.4 |
       Dungeon |   6897 |   6601 |    296 |   2723 |   2872 |   5 | 1379.4 |
               +--------+--------+--------+--------+--------+-----+--------+

Top non-repeatable levels by time:
     D:4: 2049 daAuts
     D:3: 1778 daAuts
     D:1: 1736 daAuts
     D:2: 1318 daAuts
     D:5: 14 daAuts
